 Dungeon Crawl Stone Soup version 0.28.0 (webtiles) character file.

Game seed: 9977610336270246653

3517 vilexy the Fighter (level 10, -7/65 HPs)
             Began as a Gargoyle Fighter on Feb 18, 2022.
             Was a Believer of Makhleb.
             Mangled by Harold (16 damage)
             ... on level 8 of the Dungeon.
             The game lasted 00:18:10 (9633 turns).

vilexy the Fighter (Gargoyle Fighter)               Turns: 9633, Time: 00:18:11

Health: -7/65      AC: 24    Str: 25    XL:     10   Next: 8%
Magic:  15/15      EV: 11    Int:  8    God:    Makhleb [**....]
Gold:   395        SH:  5    Dex: 15    Spells: 9/9 levels left

rFire   . . .      SeeInvis .   r - +2 short sword (elec)
rCold   . . .      Faith    .   c - +0 buckler
rNeg    + . .      Spirit   .   A - +1 plate armour
rPois   ∞          Reflect  .   Q - +0 helmet
rElec   +          Harm     .   (no cloak)
rCorr   .          Rampage  .   x - +0 pair of gloves
Will    .....                   (no boots)
Stlth   ..........              (no amulet)
HPRegen 0.20/turn               p - +4 ring of evasion
MPRegen 0.14/turn               E - +6 ring of dexterity

@: mighty, marked
A: sickness immunity, AC +7, negative energy resistance 1, electricity
resistance, torment resistance 1, petrification resistance
a: Renounce Religion, Minor Destruction


You were on level 8 of the Dungeon.
You worshipped Makhleb.
Makhleb was pleased with you.
You visited 2 branches of the dungeon, and saw 10 of its levels.

You collected 395 gold pieces.

Inventory:

Hand Weapons
 a - a +0 flail
 q - a +1 short sword of speed
 r - a +2 short sword of electrocution (weapon)
 J - the +6 spear "Juto" {vorpal, rElec rF- rCorr Str-3 SInv}
   (You found it on level 6 of the Dungeon)

   It inflicts extra damage upon your enemies.
   Str:       It affects your strength (-3).
   rF:        It makes you vulnerable to fire.
   rElec:     It insulates you from electricity.
   SInv:      It lets you see invisible.
   rCorr:     It protects you from acid and corrosion.
Missiles
 f - 191 stones (quivered)
 F - 11 boomerangs
 H - 6 silver boomerangs
 R - 2 throwing nets
Armour
 b - a +0 scale mail
 c - a +0 buckler (worn)
 j - a +0 chain mail
 x - a +0 pair of gloves (worn)
 A - a +1 plate armour (worn)
 Q - a +0 helmet (worn)
Magical Staves
 g - a staff of conjuration
Jewellery
 n - a ring of wizardry
 p - a +4 ring of evasion (left hand)
 E - a +6 ring of dexterity (right hand)
 G - a +4 ring of evasion
 K - a ring of magical power
Wands
 k - a wand of digging (1)
 v - a wand of polymorph (17)
 D - a wand of flame (25)
Scrolls
 e - 2 scrolls of holy word
 i - 4 scrolls of noise
 l - a scroll of fog
 o - a scroll of magic mapping {unknown}
 t - a scroll of immolation {unknown}
 w - a scroll of enchant armour
 y - 2 scrolls of teleportation {unknown}
 z - 2 scrolls of fear
 C - a scroll of amnesia {unknown}
 I - 3 scrolls of identify
 L - a scroll of enchant weapon {unknown}
 O - a scroll of summoning {unknown}
Potions
 h - 2 potions of haste
 m - a potion of berserk rage
 s - 3 potions of flight
 u - a potion of cancellation {unknown}
 B - a potion of ambrosia {unknown}
 M - 2 potions of resistance {unknown}
 N - 2 potions of magic {unknown}
 P - 2 potions of mutation {unknown}


   Skills:
 + Level 8.5 Fighting
 - Level 3.8 Maces & Flails
 + Level 5.2 Throwing
 + Level 8.5 Armour
 - Level 4.9 Shields
 + Level 6.8 Invocations


You had 9 spell levels left.
You didn't know any spells.
Your spell library contained the following spells:

 Spells                   Type           Power      Damage    Failure   Level
 Cause Fear               Hex            0%         N/A       100%        4
 Dragon Form              Tmut           0%         N/A       100%        7
 Dragon's Call            Summ           0%         N/A       100%        9


Dungeon Overview and Level Annotations

Branches:
Dungeon (9/15)             Temple (1/1) D:4
   Lair: D:8-11         Orc: D:9-12

Altars:
Ashenzari
Cheibriados
Dithmenos
Elyvilon
Fedhas
Gozag
Hepliaklqana
Kikubaaqudgha
Makhleb
Nemelex Xobeh
Okawaru
Qazlal
Ru
Sif Muna
Trog
Uskayaw
Vehumet
Wu Jian
Xom
Yredelemnul
Zin
The Shining One

Annotations:
D:8 Harold


Innate Abilities, Weirdness & Mutations

You are immune to sickness and miasma.
Your stone body is resilient. (AC +7)
You are immune to poison.
You resist negative energy. (rN+)
You are resistant to electric shocks. (rElec)
You are resistant to unholy torment.
You are immune to petrification.


Message History

You hit Harold.
Harold is heavily wounded.
You block Harold's attack.
You hit Harold.
Harold is heavily wounded.
Harold hits you but does no damage.
You hit Harold. Lightning courses through Harold!!
Harold is severely wounded.
Harold hits you with a +1 dire flail of draining!
You block Harold's attack.
You barely miss Harold.
Harold is severely wounded.
Harold points at you and mumbles some strange words.
You barely resist. You closely miss Harold.
Harold is severely wounded.
Harold points at you and mumbles some strange words.
The mark upon you grows brighter.
You hit Harold.
Harold is severely wounded.
Harold hits you with a +1 dire flail of draining.
You barely miss Harold.
Harold is severely wounded.
Harold hits you with a +1 dire flail of draining!
* * * LOW HITPOINT WARNING * * *
You barely miss Harold.
Harold is severely wounded.
Harold casts a spell at you. The mark upon you grows brighter.
You hit Harold.
Harold is severely wounded.
Harold hits you with a +1 dire flail of draining!
* * * LOW HITPOINT WARNING * * *
You feel very mighty all of a sudden. You block Harold's attack.
You puncture Harold!
Harold is almost dead.
Harold yells, "I don't have all day!"
Harold hits you with a +1 dire flail of draining!
You die...

##.......## #.......##......
#...).....# #...##.........#
#.........# #...##..######.#
#.........# #.......# #..
#.........#####....##.########
#.............................
#.........#........##.########
#......<....#########.# #.
#.........#.@@........### ###.
#.........#.............###...
##...................[.#.....#.
#..........##...............##)
#..........##...............##.
#..........##....>.............
#......()......................
#..........##..........##[#....
#.......<..##..........##.#.##.


You could see Harold.

Vanquished Creatures
  Grinder (D:3)
  A steam dragon (D:8)
  Menkaure (D:6)
  A water moccasin (D:6)
  An ice beast (D:8)
  2 orc warriors
  A sky beast (D:8)
  2 hornet zombies
  2 necrophages
  5 ogres
  2 black bears
  A centaur (D:8)
  3 phantoms
  Blork the orc (D:6)
  A wyvern zombie (D:8)
  A bullfrog (D:6)
  4 scorpions
  A gnoll sergeant (D:7)
  3 howler monkeys (D:6)
  A crimson imp (D:6)
  A centaur zombie (D:5)
  4 orc priests
  A bullfrog skeleton (D:5)
  2 hounds
  2 centaur skeletons
  Ijyb (D:3)
  6 iguanas
  3 orc wizards
  13 gnolls
  A howler monkey skeleton (D:4)
  6 adders
  An ufetubus (D:6)
  The ghost of Miritol the Sneak, a weakling OpDe (D:5)
  A dart slug (D:1)
  26 orcs
  6 bats
  4 endoplasms
  2 giant cockroaches (D:4)
  10 goblins
  3 hobgoblins
  A quokka (D:5)
  A ball python (D:4)
  A frilled lizard (D:2)
  2 hobgoblin zombies (D:6)
  4 kobolds
  A kobold skeleton (D:6)
  A kobold zombie (D:6)
  An orc skeleton (D:6)
  An orc zombie (D:6)
  2 rats
144 creatures vanquished.

Notes
Turn   | Place    | Note
-------+----------+-------------------------------------------
     0 | D:1      | vilexy the Gargoyle Fighter began the quest for the Orb.
     0 | D:1      | Reached XP level 1. HP: 14/14 MP: 1/1
    53 | D:1      | Found a faded altar of an unknown god.
   110 | D:1      | Reached XP level 2. HP: 8/19 MP: 2/2
   738 | D:2      | Reached XP level 3. HP: 23/23 MP: 3/3
   999 | D:2      | Noticed a phantom
  1013 | D:2      | Killed a phantom
  1014 | D:2      | Reached XP level 4. HP: 20/29 MP: 4/4
  1014 | D:2      | Reached XP level 5. HP: 23/33 MP: 5/5
  1713 | D:3      | Noticed Ijyb
  1722 | D:3      | Killed Ijyb
  1735 | D:3      | Noticed Grinder
  1744 | D:3      | Paralysed by Grinder for 2 turns
  1753 | D:3      | Killed Grinder
  1754 | D:3      | Reached XP level 6. HP: 22/40 MP: 6/6
  2563 | D:4      | Found a staircase to the Ecumenical Temple.
  2579 | Temple   | Entered the Ecumenical Temple
  2597 | Temple   | Became a worshipper of Makhleb the Destroyer
  2895 | D:4      | Reached skill level 5 in Armour
  2912 | D:4      | Reached skill level 5 in Fighting
  2919 | D:4      | Reached skill level 1 in Invocations
  2919 | D:4      | Reached XP level 7. HP: 44/44 MP: 6/8
  3396 | D:5      | Entered Level 5 of the Dungeon
  3570 | D:5      | Reached skill level 1 in Throwing
  3732 | D:5      | Reached XP level 8. HP: 39/51 MP: 10/10
  4160 | D:5      | Reached * piety under Makhleb
  4239 | D:5      | Found a runed translucent door.
  4246 | D:5      | Noticed Miritol's ghost (weakling OpDe)
  4734 | D:5      | Killed Miritol's ghost
  5040 | D:6      | Noticed Blork the orc
  5066 | D:6      | Killed Blork the orc
  5240 | D:6      | Found a glowing golden altar of the Shining One.
  5246 | D:6      | Reached XP level 9. HP: 57/57 MP: 12/12
  5367 | D:6      | Identified the +6 spear "Juto" {vorpal, rElec rF- rCorr
                  | Str-3 SInv}
  5381 | D:6      | Reached skill level 5 in Invocations
  5553 | D:6      | Noticed Menkaure
  5599 | D:6      | HP: 1/85 [gnoll (5)]
  5600 | D:6      | Killed Menkaure
  6751 | D:7      | Reached ** piety under Makhleb
  6908 | D:7      | Found a flagged portal.
  8783 | D:8      | Reached skill level 5 in Throwing
  8834 | D:8      | Reached XP level 10. HP: 64/64 MP: 14/14
  9170 | D:9      | Noticed Harold
  9633 | D:8      | Mangled by Harold

Illustrated notes

Levels and vault maps discovered:
D:1:      scummos_arrival_hexagon, layout_rooms,
          shapermc_ecumenical_altar_mp_highgroup, st_stairs_11
D:2:      layout_basic
D:3:      layout_loops_ring, minmay_misc_feat_columns, uniq_ijyb, uniq_grinder
D:4:      layout_cave_pools, minmay_temple_entry_overgrown,
          hangedman_feature_mirror
D:5:      layout_loops_corners, ebering_ghost_reflecting_pool
D:6:      layout_rooms, nicolae_tso_besieged_by_evil, uniq_blork_the_orc,
          uniq_menkaure
D:7:      layout_cave_pools, enter_bailey_3
D:8:      layout_rooms
D:9:      layout_small_grid, david_orc_3, uniq_harold
Temple:   nicolae_temple_the_god_donut

Skill      XL: |  1  2  3  4  5  6  7  8  9 |
---------------+----------------------------+-----
Fighting       | 4 5 7 8 |  8.5
Maces & Flails | 3 |  3.8
Armour         | 4 5 7 8 |  8.5
Shields        | 4 |  4.9
Invocations    | 1 3 4 6 |  6.8
Throwing       | 1 3 5 |  5.2

Action                   |  1- 3 |  4- 6 |  7- 9 | 10-12 || total
-------------------------+-------+-------+-------+-------++-------
Melee: Flail             |    62 |       |       |       ||    62
       Short sword       |       |    78 |   461 |    41 ||   580
Throw: Stone             |       |       |    13 |     2 ||    15
  Use: Scroll            |       |       |     8 |       ||     8
       Potion            |       |       |     8 |     1 ||     9
Armor: Scale mail        |     8 |       |       |       ||     8
       Chain mail        |    20 |    39 |   160 |       ||   219
       Skin              |       |     4 |       |       ||     4
       Plate armour      |       |       |   127 |    36 ||   163
Dodge: Dodged            |    27 |    35 |   260 |    18 ||   340
Block: Buckler           |    19 |     8 |   145 |     9 ||   181
